Map: Blackpink LE

Players

Scarlett - Winner!

  • Race: Zerg Zerg
  • Spawn Location: 1:00

Namshar

  • Race: Zerg Zerg
  • Spawn Location: 7:00

Event: WCS Leipzig 2018

VOD

Have the link to the VOD?

Description

Time

  • Played on: Jan. 26, 2018, 2:09 p.m.
  • Length: 4:47

All games in this series

Show
View Real Time Build Order
Export as new Build Order

Scarlett Zerg - Winner!

Build Orders: Hatch First 

Get SALT Encoding   

  12  0:00  Drone  
  13  0:13  Overlord  
  13  0:17  Drone  
  14  0:31  Drone  
  14  0:32  Drone  
  16  0:36  Drone  
  17  0:51  Hatchery  
  17  0:54  Drone  
  17  0:57  Drone  
  17  0:59  Extractor  
  17  1:12  Spawning Pool  
  17  1:15  Drone  
  17  1:19  Drone  
  18  1:28  Drone  
  20  1:40  Drone  
  20  1:55  Overlord  
  20  1:59  Metabolic Boost, Queen  
  22  2:03  Queen  
  22  2:05  Drone  
  25  2:12  Zergling x4  
  27  2:27  Hatchery  
  26  2:30  Zergling x4  
  26  2:34  Overlord  
  28  2:43  Zergling x6  
  31  2:54  Zergling x4  
  33  3:02  Zergling x2  
  34  3:08  Zergling x4  
  34  3:09  Zergling x6  
  39  3:13  Zergling x6  
  42  3:24  Baneling Nest, Overlord  
  41  3:28  Zergling x2  
  42  3:39  Zergling x2  
  42  3:40  Zergling x6  
  41  3:51  Zergling x8  
  42  4:01  Zergling x6  
  41  4:11  Baneling x2  
  41  4:12  Zergling x6  
  41  4:15  Zergling x2  
  43  4:17  Zergling x2  
  43  4:23  Baneling x2  
  39  4:32  Baneling  
Show
View Real Time Build Order
Export as new Build Order

Namshar Zerg 

Build Orders: Hatch First 

Get SALT Encoding   

  12  0:00  Drone  
  13  0:12  Overlord  
  13  0:17  Drone  
  14  0:30  Drone x2  
  14  0:34  Drone  
  17  0:50  Hatchery  
  17  0:53  Drone  
  17  0:56  Drone  
  18  1:01  Extractor  
  17  1:12  Spawning Pool  
  17  1:14  Drone  
  17  1:18  Drone  
  18  1:28  Drone  
  19  1:42  Overlord  
  19  1:49  Drone  
  20  1:58  Queen  
  20  2:00  Zergling x2  
  23  2:01  Metabolic Boost  
  23  2:02  Queen  
  23  2:05  Zergling x2  
  26  2:10  Drone  
  26  2:14  Drone  
  28  2:23  Drone  
  28  2:25  Drone  
  30  2:32  Drone  
  30  2:35  Drone  
  32  2:42  Hatchery  
  31  2:46  Baneling Nest  
  31  2:50  Overlord  
  30  2:52  Drone  
  31  2:58  Zergling x2  
  31  3:00  Drone  
  33  3:07  Zergling x2  
  33  3:11  Queen  
  36  3:13  Drone x3  
  36  3:16  Drone  
  40  3:20  Zergling x4  
  40  3:23  Zergling x2  
  40  3:24  Zergling x2  
  44  3:40  Zergling x8  
  42  3:42  Zergling x8  
  40  3:48  Zergling x4  
  35  3:56  Zergling x6  
  31  4:08  Zergling x6  
  27  4:21  Zergling x6  
  27  4:24  Zergling x2  
  27  4:28  Baneling  
Tags
 
Add a new tag
Caveats
  • Supply blocks, unpowered buildings, or Contaminate may cause inaccurate times.
  • Supply counts are checked every 10 seconds.